 Dungeon Crawl Stone Soup version 0.32-a0-306-gfed3edf829 (webtiles) character file.

Game seed: 15569884549894427299

4878 oldriver the Magician (level 10, -7/76 HPs)
             Began as a Demonspawn Conjurer on Feb 15, 2024.
             Was an Initiate of Gozag.
             Succumbed to a kobold brigand's curare-tipped dart
             ... on level 7 of the Dungeon.
             The game lasted 00:12:52 (9177 turns).

oldriver the Magician (Demonspawn Conjurer)         Turns: 9177, Time: 00:12:53

Health: -7/76      AC: 14    Str:  7    XL:     10   Next: 26%
Magic:  30/30      EV: 12    Int: 26    God:    Gozag
Gold:   341        SH:  0    Dex: 10    Spells: 13/24 levels left

rFire   + . .        E - +3 dagger "Epitior" {venom, rElec rN+ MP+9 Dex-2}
rCold   . . .        (no shield)
rNeg    + . .        w - +0 leather armour "Mavaame" {Int+3}
rPois   .            e - +2 helmet
rElec   +            i - +0 cloak
rCorr   .            p - +2 pair of gloves
SInv    .            d - +2 pair of boots
Will    +....        h - amulet of magic regeneration
Stlth   +++          g - ring of protection from fire
HPRegen 0.32/turn    t - ring of willpower
MPRegen 0.62/turn

%: no passive effects
@: lethally poisoned (-7 -> -44), slowed, very slow
A: ignite blood 2, sharp scales 1
a: Renounce Religion, Potion Petition, Call Merchant, Bribe Branch


You were on level 7 of the Dungeon.
You worshipped Gozag.
Gozag was aware of your devotion.
You visited 2 branches of the dungeon, and saw 9 of its levels.

You collected 727 gold pieces.
You spent 220 gold pieces at shops.
You paid 166 gold pieces to Gozag.

Inventory:

Hand Weapons
 o - a +1 dagger of holy wrath
 E - the +3 dagger "Epitior" (weapon) {venom, rElec rN+ MP+9 Dex-2}
   (You found it on level 5 of the Dungeon)

   Dex-2:     It affects your dexterity (-2).
   rElec:     It insulates you from electricity.
   rN+:       It protects you from negative energy.
   MP+9:      It affects your magic capacity (+9).
Missiles
 s - 2 throwing nets
Armour
 d - a +2 pair of boots (worn)
 e - a +2 helmet (worn)
 i - a +0 cloak (worn)
 p - a +2 pair of gloves (worn)
 w - the +0 leather armour "Mavaame" (worn) {Int+3}
   (You found it on level 5 of the Dungeon)

   Int+3:     It affects your intelligence (+3).
 F - a +0 buckler
Jewellery
 g - a ring of protection from fire (left hand)
 h - an amulet of magic regeneration (around neck)
 t - a ring of willpower (right hand)
 A - a ring of resist corrosion
Wands
 D - a wand of charming (4)
Scrolls
 j - 3 scrolls of teleportation
 n - a scroll of immolation
 r - 2 scrolls of fear
 C - a scroll of vulnerability
Potions
 a - a potion of cancellation
 b - a potion of magic
 c - 2 potions of brilliance
 f - 3 potions of curing
 k - a potion of invisibility {unknown}
 l - a potion of attraction
 m - 3 potions of lignification
 q - 2 potions of resistance
 v - a potion of enlightenment {unknown}
 x - 2 potions of might {unknown}
 z - 2 potions of heal wounds


   Skills:
 + Level 5.7 Fighting
 - Level 2.0 Armour
 + Level 5.6 Dodging
 + Level 5.8 Stealth
 + Level 0.7 Shields
 * Level 7.8 Spellcasting
 + Level 7.0 Conjurations
 + Level 3.9 Translocations


You had 13 spell levels left.
You knew the following spells:

 Your Spells              Type           Power      Damage    Failure   Level
a - Magic Dart            Conj           100%       1d8       1%          1
b - Searing Ray           Conj           92%        2d7       1%          2
p - Fulminant Prism       Conj/Alch      14%        3d9       21%         4
z - Iskenderun's Mystic   Conj/Tloc      38%        2d9       9%          4

Your spell library contained the following spells:

 Spells                   Type           Power      Damage    Failure   Level
 Lesser Beckoning         Tloc           60%        N/A       2%          2
 Gell's Gravitas          Tloc           30%        N/A       4%          3
 Teleport Other           Tloc           30%        N/A       4%          3
 Call Imp                 Summ           20%        N/A       13%         2
 Sublimation of Blood     Necr           10%        N/A       13%         2
 Summon Hydra             Summ           5%         N/A       100%        7


Dungeon Overview and Level Annotations

Branches:
Dungeon (8/15)             Temple (1/1) D:6
   Lair: D:8-11

Altars:
Ashenzari
Cheibriados
Dithmenos
Fedhas
Gozag
Hepliaklqana
Kikubaaqudgha
Makhleb
Nemelex Xobeh
Okawaru
Qazlal
Ru
Sif Muna
Trog
Uskayaw
Vehumet
Xom
Yredelemnul

Shops:
D:3 :   D:6 !!

Annotations:
D:5 3 runed translucent doors, yleetSyT's ghost, amateur DsFi
D:7 exclusion: ice statue
D:8 Amaemon


Innate Abilities, Weirdness & Mutations

Your demonic aura often causes spilled blood to erupt in flames.
You are partially covered in razor-sharp scales. (AC +1, Slay +1)


Message History

You hear a shout! x2; You hear a bellow! x2; You hear a shout!
The gnoll is distracted by your dazzling golden aura.
You feel very sick.
The gnoll is no longer distracted by gold.
A kobold comes into view. It is wielding a +0 dagger.
You feel very sick.
The gnoll is distracted by your dazzling golden aura.
The kobold throws a stone.
The stone hits you but does no damage.
You feel sick.
The kobold brigand throws a curare-tipped dart.
The curare-tipped dart hits you.
You are more poisoned.
You have difficulty breathing.
You feel as though you will be slow longer.
You feel very sick.
The kobold brigand throws a curare-tipped dart.
The curare-tipped dart hits you.
You are more poisoned.
You have difficulty breathing.
You feel as though you will be slow longer.
There is a stone staircase leading up here.
Items here: )) [[.
* * * LOW HITPOINT WARNING * * *
You feel extremely sick.
The kobold brigand throws a curare-tipped dart.
The curare-tipped dart hits you.
You are lethally poisoned!
You have difficulty breathing.
* * * LOW HITPOINT WARNING * * *
You feel as though you will be slow longer.
The kobold brigand throws a curare-tipped dart.
The curare-tipped dart hits you.
You are more poisoned.
You have difficulty breathing.
* * * LOW HITPOINT WARNING * * *
You feel as though you will be slow longer.
You climb upwards.
Level annotation: exclusion: ice statue You die...
Your body crumbles into a pile of gold.

#...###.........######...........
#..## #.........# ##.....#....
..## #.......#.######.....(.....
..# #..###..##.................
..#####.## #..##.######..........
........# #..##.# #..##......
........####..##.# ##.........
..............##.# ##.#####....
..###.........##@# #..# ##.## .##
##...........## ##.## #.# ##
#.......##...###..# ##.# ###
##.....#####......## ##..##
..###......# #....#...## ##.....
#.....####.## #...###...###.##...
#..#..####..###..## #.......##...
#.###..##........# #....#.......
#.# ##.....####..## #....##......


There were no monsters in sight!

Vanquished Creatures
  2 two-headed ogres (D:7)
  An orange demon (D:7)
  A vampire (D:7)
  A steam dragon (D:7)
  A water moccasin (D:7)
  An orc warrior (D:6)
  A sky beast (D:6)
  3 ice beasts (D:7)
  3 ogres
  A centaur (D:6)
  2 phantoms
  4 bullfrogs
  A gnoll sergeant (D:5)
  2 scorpions
  4 wights (D:8)
  2 killer bees (D:8)
  4 bombardier beetles
  3 hounds
  A gnoll bouda (D:7)
  5 orc priests
  Terence (D:3)
  2 sleepcaps
  Jessica (D:2)
  4 iguanas
  10 orc wizards
  Robin (D:3)
  12 gnolls
  10 adders
  A white imp (D:6)
  A dart slug (D:1)
  3 ribbon worms
  31 orcs
  5 bats
  8 endoplasms
  3 giant cockroaches
  15 goblins
  13 hobgoblins
  A jackal (D:2)
  7 kobolds
  3 quokkas
  10 ball pythons
  2 frilled lizards (D:1)
  4 rats
191 creatures vanquished.

Notes
Turn   | Place    | Note
-------+----------+-------------------------------------------
     0 | D:1      | oldriver the Demonspawn Conjurer began the quest for the
                  | Orb.
     0 | D:1      | Reached XP level 1. HP: 13/13 MP: 3/3
   136 | D:1      | Gained mutation: You are partially covered in razor-sharp
                  | scales. (AC +1, Slay +1) [demonic ancestry]
   136 | D:1      | Reached XP level 2. HP: 20/20 MP: 0/5
   574 | D:1      | Gained mutation: Your demonic aura sometimes causes spilled
                  | blood to erupt in flames. [demonic ancestry]
   574 | D:1      | Reached XP level 3. HP: 25/25 MP: 3/6
  1077 | D:2      | Reached skill level 1 in Fighting
  1228 | D:2      | Found a faded altar of an unknown god.
  1473 | D:3      | Reached XP level 4. HP: 32/32 MP: 3/8
  1616 | D:3      | Noticed Terence
  1653 | D:2      | Noticed Jessica
  1656 | D:2      | Killed Jessica
  1657 | D:2      | Reached XP level 5. HP: 38/38 MP: 5/10
  2381 | D:2      | Reached XP level 6. HP: 23/44 MP: 2/11
  2602 | D:3      | Noticed Robin
  2643 | D:3      | Killed Robin
  2762 | D:3      | Killed Terence
  2768 | D:3      | Learned a level 2 spell: Searing Ray
  3024 | D:3      | Found Qiawuej's Book Shoppe.
  3210 | D:4      | Learned a level 4 spell: Fulminant Prism
  3215 | D:4      | Learned a level 4 spell: Iskenderun's Mystic Blast
  3618 | D:4      | Found an opulent altar of Gozag.
  3654 | D:4      | Reached XP level 7. HP: 51/51 MP: 11/13
  3666 | D:4      | Reached skill level 5 in Conjurations
  4234 | D:5      | Entered Level 5 of the Dungeon
  4287 | D:5      | Found a runed translucent gate.
  4288 | D:5      | Found a runed translucent gate.
  4288 | D:5      | Found a runed translucent gate.
  4289 | D:5      | Found an opulent altar of Gozag.
  4297 | D:5      | Reached skill level 5 in Spellcasting
  4421 | D:5      | Noticed yleetSyT's ghost (amateur DsFi)
  4421 | D:5      | Noticed a two-headed ogre
  4497 | D:5      | Reached skill level 1 in Armour
  4497 | D:5      | Reached skill level 1 in Translocations
  4497 | D:5      | Gained mutation: Your demonic aura often causes spilled
                  | blood to erupt in flames. [demonic ancestry]
  4497 | D:5      | Reached XP level 8. HP: 47/58 MP: 10/15
  4550 | D:5      | Identified the +0 leather armour "Mavaame" {Int+3}
  5165 | D:5      | Identified the +3 dagger "Epitior" {venom, rElec rN+ MP+9
                  | Dex-2}
  5307 | D:5      | Found a bloodstained altar of Trog.
  5312 | D:5      | Found an iron altar of Okawaru.
  5655 | D:6      | Found Kagyillisi's Distillery.
  5663 | D:6      | Bought 2 potions of heal wounds for 110 gold pieces
  5663 | D:6      | Bought a potion of resistance for 110 gold pieces
  5889 | D:6      | Found a staircase to the Ecumenical Temple.
  5963 | D:6      | Found Gicsad's Distillery.
  5974 | Temple   | Entered the Ecumenical Temple
  6092 | D:4      | Became a worshipper of Gozag Ym Sagoz the Greedy
  6659 | D:6      | Reached XP level 9. HP: 66/66 MP: 15/18
  7088 | D:7      | Noticed an ice statue
  7265 | D:7      | Found a sparkling altar of Nemelex Xobeh.
  7397 | D:7      | Noticed a two-headed ogre
  7406 | D:7      | Killed a two-headed ogre
  7407 | D:7      | Reached skill level 5 in Fighting
  7407 | D:7      | Reached skill level 5 in Dodging
  7407 | D:7      | Reached skill level 5 in Stealth
  7519 | D:7      | Noticed a two-headed ogre
  7530 | D:7      | Killed a two-headed ogre
  7658 | D:7      | Reached XP level 10. HP: 49/74 MP: 18/21
  8387 | D:7      | Found a shimmering blue altar of Sif Muna.
  9056 | D:8      | Noticed Amaemon
  9056 | D:8      | Noticed an orange demon
  9065 | D:7      | Killed an orange demon
  9177 | D:7      | Succumbed to a kobold brigand's curare-tipped dart

Illustrated notes

Levels and vault maps discovered:
D:1:      minmay_arrival_radiant_lines, layout_basic,
          ebering_dispersal_statue_hall
D:2:      minmay_chambers_of_twos, layout_basic,
          hellmonk_ecumenical_altar_blasted, uniq_jessica
D:3:      layout_loops_cross, serial_shops, shop, uniq_terence, uniq_robin
D:4:      minmay_opposing_rooms, layout_loops_ring, mainiacjoe_overflow_alcove_4
D:5:      layout_loops_ring, nicolae_overflow_hidden_temple, ebering_ghost_gozag
D:6:      layout_gridville, minmay_temple_entry_wispy, serial_shops, shop,
          nicolae_diamond_shop
D:7:      lemuel_ice_statue, layout_layer_cave, mainiacjoe_overflow_paths,
          hangedman_decor_growths, serial_library_hellmonk_narrow_alcove
D:8:      layout_rooms, minmay_lair_entry_lava, uniq_grum, uniq_amaemon
Temple:   oiseaux_autumnal_temple

Skill      XL: |  1  2  3  4  5  6  7  8  9 10 |
---------------+-------------------------------+-----
Stealth        | 2 3 4 5 |  5.8
Dodging        | 2 3 4 5 |  5.6
Fighting       | 1 2 3 4 5 |  5.7
Spellcasting   | 3 4 5 6 7 |  7.8
Conjurations   | 5 6 7 |  7.0
Armour         | 1 2 |  2.0
Translocations | 1 2 3 |  3.9
Shields        | |  0.7

Action                     |  1- 3 |  4- 6 |  7- 9 | 10-12 || total
---------------------------+-------+-------+-------+-------++-------
  Melee: Unarmed           |    12 |       |       |       ||    12
         Dagger            |     5 |    65 |    27 |       ||    97
   Cast: Magic Dart        |    63 |   156 |   304 |    18 ||   541
         Searing Ray       |       |       |    11 |     6 ||    17
         Iskenderun's Myst |       |       |    16 |    14 ||    30
    Use: Scroll            |       |     8 |     1 |     7 ||    16
 Armour: Robe              |     7 |    59 |    43 |       ||   109
         Leather armour    |       |       |    59 |    27 ||    86
  Dodge: Dodged            |    16 |    40 |    67 |    33 ||   156

Table legend: (Time is in decaauts)
 A = Elapsed time spent in this place.
 B = Non-inter-level travel time spent in this place.
 C = Inter-level travel time spent in this place.
 D = Time resting spent in this place.
 E = Time spent auto-exploring this place.
 F = Levels seen in this place.
 G = Mean time per level.
                   A        B        C        D        E       F      G
               +--------+--------+--------+--------+--------+-----+--------+
         Total |   9194 |   8364 |    830 |    598 |   6370 |   9 | 1021.6 |
       Dungeon |   9193 |   8365 |    828 |    598 |   6370 |   8 | 1149.1 |
        Temple |      1 |      0 |      1 |      0 |      0 |   1 |    1.0 |
               +--------+--------+--------+--------+--------+-----+--------+

Top non-repeatable levels by time:
     D:7: 1731 daAuts
     D:5: 1690 daAuts
     D:6: 1427 daAuts
     D:2: 1392 daAuts
     D:4: 1004 daAuts
     D:1: 954 daAuts
     D:3: 928 daAuts
     D:8: 63 daAuts
  Temple: 1 daAuts
